 Dungeon Crawl Stone Soup version 0.19-a0-1216-g363869b (webtiles) character file.

479 4thArraOfDagon the Cleaver (level 6, -7/51 HPs)
             Began as a Minotaur Berserker on Aug 23, 2016.
             Was a Believer of Trog.
             Shot with a bolt by an orc warrior (22 damage)
             ... in a bailey.
             The game lasted 00:04:47 (950 turns).

4thArraOfDagon the Cleaver (Minotaur Berserker)      Turns: 950, Time: 00:04:48

Health: -7/51      AC:  5    Str: 23    XL:     6   Next: 86%
Magic:  5/5        EV: 12    Int:  9    God:    Trog [**....]
Gold:   304        SH:  0    Dex: 10    Spells: 0 memorised, 5 levels left

rFire  + + .     SeeInvis .     (no weapon)
rCold  . . .     Gourm    .     l - +0 leather armour of Curiosity {rF+ rC+ MR+ Str+4}
rNeg   . . .     Faith    .     (no shield)
rPois  .         Spirit   .     j - +2 hat
rElec  .         Dismiss  .     (no cloak)
rCorr  .         Reflect  .     (no gloves)
MR     +++..     Harm     .     (no boots)
Stlth  +.........               (no amulet)
                                t - ring of fire
                                s - -4 ring of strength

@: brilliant, very slightly contaminated, regenerating, invisible
A: retaliatory headbutt, horns 2
a: Berserk, Trog's Hand, Burn Spellbooks, Renounce Religion


You were in a bailey.
You worshipped Trog.
Trog was pleased with you.
You were not hungry.

You visited 1 branch of the dungeon, and saw 8 of its levels.
You also visited: Bailey.

You collected 304 gold pieces.

Inventory:

Hand Weapons
 a - a +1 hand axe
Armour
 b - a +0 animal skin
 j - a +2 hat (worn)
 l - the +0 leather armour of Curiosity (worn) {rF+ rC+ MR+ Str+4}
   (You found it on level 8 of the Dungeon)

   It affects your strength (+4).
   It protects you from fire.
   It protects you from cold.
   It affects your resistance to hostile enchantments.
 m - a +0 ring mail of fire resistance
Jewellery
 e - an uncursed ring of magical power {unknown}
 s - a -4 ring of strength (left hand)
 t - a ring of fire (right hand)
Scrolls
 g - a scroll of fear {unknown}
 i - 3 scrolls of remove curse
 n - a scroll of blinking
 o - a scroll of teleportation
 x - a scroll of enchant armour
 y - a scroll of amnesia {unknown}
Potions
 h - 3 potions of heal wounds
 k - a potion of resistance {unknown}
 r - a potion of degeneration {unknown}
 u - a potion of mutation {unknown}
 v - a potion of curing {unknown}
 w - a potion of cure mutation {unknown}
 A - a potion of flight {unknown}
 B - a potion of cancellation
Comestibles
 c - 2 bread rations
 f - 2 fruits
 p - 2 chunks of flesh
 z - a meat ration


   Skills:
 - Level 3.6 Fighting
 * Level 8.0 Axes
 + Level 5.4 Armour
 - Level 2.1 Dodging


You had 5 spell levels left.
You didn't know any spells.

Dungeon Overview and Level Annotations

Branches:
Dungeon (8/15)
 Temple: D:4-7         Lair: D:8-11

Altars:
Elyvilon
Hepliaklqana

Annotations:
Bailey Dirtsage's ghost, novice GrFi


Innate Abilities, Weirdness & Mutations

You reflexively headbutt those who attack you in melee.
You have a pair of horns on your head.


Message History

You fade into invisibility!
The orc warrior shoots a bolt.
The bolt hits you!
You hear a splash.
You are very lightly contaminated with residual magic.
Unknown command.
Unknown command.
Unknown command.
The orc appears out of thin air!
An orc comes into view. It is wielding an arbalest.
The orc warrior shoots a bolt.
The bolt hits you!
You hear a splash.
You see here a bolt.
Unknown command.
Unknown command.
The orc shouts! x2
The orc disappears!
The orc shoots a bolt.
The bolt hits you!
* * * LOW HITPOINT WARNING * * *
You hear a splash.
The orc warrior shoots a bolt.
The bolt hits you!!
You die...

..≈ .§ ≈≈≈≈≈≈≈
...≈##o##≈≈≈≈≈≈≈
....≈≈#o#≈≈≈≈≈≈#
....≈≈≈≈≈≈≈≈≈≈#
....≈≈≈≈≈≈≈≈≈#
....≈≈≈≈≈≈≈≈#
....≈≈≈≈≈≈≈≈#
....≈≈≈≈≈@≈#
....≈≈≈o(≈≈#
....≈≈≈(≈≈≈#
....≈≈≈≈≈≈≈#
....≈≈≈≈≈≈≈#
....≈≈≈≈≈≈≈≈#
....≈≈≈≈≈≈≈≈#
....≈≈≈≈≈≈≈≈≈#
....≈≈≈≈≈≈≈≈≈≈#


You could see 2 orc warriors and an orc.

Vanquished Creatures
  A hippogriff (D:8)
  3 wights (D:7)
  A quasit (D:7)
  A jelly (D:8)
  2 orc wizards (D:7)
  Jessica (D:3)
  2 adders
  A shadow imp (D:6)
  An adder skeleton (D:7)
  A worm (D:2)
  A dart slug (D:5)
  2 orcs (D:7)
  3 bats
  3 giant cockroaches
  2 goblins (D:3)
  7 hobgoblins
  5 jackals
  A quokka (D:8)
  3 giant newts
  A kobold (D:3)
  A quokka skeleton (D:3)
  3 rats
46 creatures vanquished.

Notes
Turn   | Place    | Note
-------+----------+-------------------------------------------
     0 | D:1      | 4thArraOfDagon the Minotaur Berserker began the quest for the Orb.
     0 | D:1      | Reached XP level 1. HP: 19/19 MP: 0/0
   107 | D:2      | Found a faded altar of an unknown god.
   110 | D:2      | Reached skill level 4 in Axes
   110 | D:2      | Reached XP level 2. HP: 26/26 MP: 1/1
   225 | D:3      | Noticed Jessica
   233 | D:3      | Reached XP level 3. HP: 12/31 MP: 2/2
   241 | D:3      | Killed Jessica
   241 | D:3      | Reached skill level 5 in Axes
   343 | D:3      | Reached XP level 4. HP: 19/39 MP: 3/3
   416 | D:3      | Found a white marble altar of Elyvilon.
   485 | D:4      | Reached ** piety under Trog
   501 | D:5      | Entered Level 5 of the Dungeon
   555 | D:7      | Reached skill level 6 in Axes
   555 | D:7      | Reached XP level 5. HP: 45/45 MP: 4/4
   631 | D:7      | Noticed a hippogriff
   708 | D:7      | Reached skill level 7 in Axes
   708 | D:7      | Reached XP level 6. HP: 51/51 MP: 5/5
   743 | D:7      | Found a hazy altar of Hepliaklqana.
   791 | D:8      | Found a flagged portal.
   803 | D:8      | Got a jewelled leather armour
   812 | D:8      | Noticed a hippogriff
   826 | D:8      | Killed a hippogriff
   826 | D:8      | Reached skill level 5 in Armour
   862 | D:8      | Reached skill level 8 in Axes
   888 | D:8      | Identified the +0 leather armour of Curiosity {rF+ rC+ MR+ Str+4} (You found it on level 8 of the Dungeon)
   897 | Bailey   | Entered a bailey
   902 | Bailey   | Noticed an orc warrior
   944 | Bailey   | Noticed Dirtsage's ghost (novice GrFi)
   948 | Bailey   | Noticed an orc warrior
   950 | Bailey   | Noticed an orc warrior
   950 | Bailey   | Shot with a bolt by an orc warrior

Vault maps used:
D:1:      dpeg_arrival_snail
D:2:      first_bread, ecumenical_altar_1
D:3:      nicolae_overflow_crystal_walls, uniq_jessica
D:4:      kennysheep_little_box, serial_shops, shop, minmay_crystal_room,
          hangedman_abyss_or_decor_slice
D:5:      serial_shops, shop
D:6:      old_standard_altar, nicolae_dithmenos_shadow_blocks,
          nemelex_altar_shiori, serial_shops, shop
D:7:      overflow_temple_1_default
D:8:      enter_bailey_2
Bailey:   bailey_polearm_2, bailey

Skill      XL: |  1  2  3  4  5  6 |
---------------+-------------------+-----
Axes           | 4 5 6 7 8 |  8.0
Armour         | 3 4 5 |  5.4
Fighting       | |  3.6
Dodging        | |  2.1

Action                   |  1- 3 |  4- 6 || total
-------------------------+-------+-------++-------
Melee: Hand axe          |    34 |    66 ||   100
       Headbutt          |     6 |    10 ||    16
Invok: Berserk           |     1 |     3 ||     4
       Trog's Hand       |       |     2 ||     2
  Use: Potion            |     1 |     2 ||     3
       Scroll            |       |    11 ||    11
  Eat: Chunk             |       |     3 ||     3
       Royal jelly       |       |     1 ||     1
Armor: Animal skin       |     2 |       ||     2
       Ring mail         |    13 |    45 ||    58
       Leather armour    |       |     1 ||     1
Dodge: Dodged            |    20 |    66 ||    86
